 Dungeon Crawl Stone Soup version 0.29-a0-243-g602b31c20e (webtiles) character file.

Game seed: 4514338229837138650

25083 Strat the Covert (level 12, -17/77 HPs)
             Began as a Deep Elf Fire Elementalist on Mar 4, 2022.
             Was a High Priest of Dithmenos.
             Demolished by a minotaur
             ... wielding a staff of death
              (28 damage)
             ... in a Gauntlet on Mar 7, 2022.
             The game lasted 00:58:35 (21834 turns).

Strat the Covert (Deep Elf Fire Elementalist)      Turns: 21834, Time: 00:58:36

Health: -17/77     AC: 19    Str: 11    XL:     12   Next: 86%
Magic:  18/28      EV: 14    Int: 26    God:    Dithmenos [*****.]
Gold:   548        SH:  5    Dex: 15    Spells: 11/31 levels left

rFire   . . .      SeeInvis .   a - +3 dagger (elec)
rCold   + . .      Faith    .   (no shield)
rNeg    . . .      Spirit   .   y - +4 ring mail "Giwniops" {Stlth+}
rPois   .          Reflect  +   b - +0 helmet
rElec   .          Harm     .   H - +2 cloak
rCorr   .          Rampage  .   t - +2 pair of gloves {hurl}
Will    +....      NoTele   +   r - +0 pair of boots
Stlth   +++++++...              w - amulet of reflection
HPRegen 0.22/turn               l - +6 ring of strength
MPRegen 0.21/turn               k - ring of protection from cold

@: brilliant, very slightly contaminated, wreathed by umbra
A: no striking features
a: Renounce Religion, Shadow Step, Shadow Form


You were in a Gauntlet.
You worshipped Dithmenos.
Dithmenos was extremely pleased with you.
You visited 3 branches of the dungeon, and saw 17 of its levels.
You also visited: Gauntlet.

You collected 964 gold pieces.
You spent 416 gold pieces at shops.

Inventory:

Hand Weapons
 a - a +3 dagger of electrocution (weapon)
 B - a +1 dagger of draining
 P - the +6 falchion of Ignis's Approval {holy, Int+4 Dex+6}
   (You found it in a Gauntlet)

   It has been blessed by the Shining One to cause great damage to the undead
   and demons.
   Int:       It affects your intelligence (+4).
   Dex:       It affects your dexterity (+6).
Missiles
 h - 469 stones
 u - 24 poisoned darts
 M - 4 curare-tipped darts
Armour
 b - a +0 helmet (worn)
 n - +0 steam dragon scales
 r - a +0 pair of boots (worn)
 t - a +2 pair of gloves of hurling (worn)
 x - an orb of energy
 y - the +4 ring mail "Giwniops" (worn) {Stlth+}
   (You found it on level 6 of the Dungeon)

   Stlth:     It makes you more stealthy.
 A - +0 swamp dragon scales
 C - a scarf of repulsion
 F - a scarf of invisibility
 H - a +2 cloak (worn)
Jewellery
 k - a ring of protection from cold (right hand)
 l - a +6 ring of strength (left hand)
 w - an amulet of reflection (around neck)
 D - a +6 ring of strength
 E - a ring of willpower
 G - an amulet of faith
 N - a ring of protection from cold
Wands
 f - a wand of flame (48)
 i - a wand of charming (9)
 q - a wand of iceblast (16)
 K - a wand of polymorph (4)
Scrolls
 d - 3 scrolls of teleportation
 j - a scroll of fog
 v - a scroll of amnesia
Potions
 c - 5 potions of curing
 g - a potion of brilliance
 m - 3 potions of attraction
 o - 2 potions of resistance
 p - a potion of berserk rage
 I - a potion of flight
 L - a potion of lignification
 O - a potion of ambrosia


   Skills:
 - Level 10.0 Fighting
 + Level 2.4 Short Blades
 - Level 5.0 Armour
 - Level 10.0 Dodging
 - Level 10.0 Stealth
 - Level 10.0 Spellcasting
 - Level 8.0 Conjurations
 - Level 10.0 Fire Magic
 + Level 2.7 Invocations


You had 11 spell levels left.
You knew the following spells:

 Your Spells              Type           Power      Damage    Failure   Level
a - Foxfire               Conj/Fire      100%       2x1d9     1%          1
b - Scorch                Fire           100%       2d10      1%          2
c - Conjure Flame         Conj/Fire      74%        6-21      1%          3
d - Flame Wave            Conj/Fire      74%        2d13      2%          4
e - Ignite Poison         Fire/Tmut/Pois 45%        N/A       8%          3
f - Fireball              Conj/Fire      37%        3d15      7%          5
g - Searing Ray           Conj           100%       2d8       1%          2

Your spell library contained the following spells:

 Spells                   Type           Power      Damage    Failure   Level
 Magic Dart               Conj           100%       1d8       1%          1
 Inner Flame              Hex/Fire       55%        N/A       3%          3
 Summon Small Mammal      Summ           76%        N/A       10%         1
 Corpse Rot               Necr/Air       38%        N/A       16%         2
 Poisonous Vapours        Pois/Air       38%        N/A       16%         2
 Sublimation of Blood     Necr           19%        N/A       16%         2
 Fulminant Prism          Conj/Hex       25%        3d14      19%         4
 Call Canine Familiar     Summ           19%        N/A       30%         3
 Summon Guardian Golem    Hex/Summ       19%        N/A       30%         3
 Irradiate                Conj/Tmut      25%        3d22      47%         5
 Petrify                  Tmut/Erth      19%        N/A       69%         4
 Alistair's Intoxication  Tmut/Pois      12%        N/A       95%         5
 Borgnjor's Vile Clutch   Necr/Erth      9%         N/A       95%         5
 Metabolic Englaciation   Hex/Ice        9%         N/A       95%         5
 Eringya's Noxious Bog    Tmut/Pois      9%         N/A       100%        6
 Statue Form              Tmut/Erth      12%        N/A       100%        6


Dungeon Overview and Level Annotations

Branches:
Dungeon (11/15)            Temple (1/1) D:5            Lair (5/6) D:11
  Snake (0/4) Lair:4          Orc (0/2) D:9         Gauntlet (1/1)
  Swamp: Lair:2-4    Shoals: Lair:2-4     Slime: Lair:5-6

Altars:
Ashenzari
Cheibriados
Dithmenos
Elyvilon
Fedhas
Gozag
Hepliaklqana
Kikubaaqudgha
Makhleb
Nemelex Xobeh
Okawaru
Qazlal
Ru
Sif Muna
Trog
Uskayaw
Vehumet
Wu Jian
Xom
Yredelemnul
Zin
The Shining One
Beogh

Shops:
D:9 *   D:10 *

Annotations:
D:5 2 transporters, sirJeffrey23's ghost, novice DsMo
D:11 exclusion: 2 oklob plants Gauntlet 3 transporters


Message History

Aim: a minotaur, wielding a staff of death, wearing a +0 plate armour, wearing a ring of protection from fire and quivering silver javelins (moderately wounded, umbra)
You feel a surge of power!
You miscast Fireball.
You are very lightly contaminated with residual magic.
The air around you crackles with energy!
Casting: Fireball (dangerous; 7% risk of failure)
Confirm with . or Enter, or press ? or * to list all spells.
You feel a surge of power!
Flames lash the minotaur.
The minotaur completely resists.
The minotaur hits you with a staff of death!
You writhe in agony!
* * * LOW HITPOINT WARNING * * *
The minotaur gores you.
* * * LOW HITPOINT WARNING * * *
Casting: Scorch (safe; 1% risk of failure)
Confirm with . or Enter, or press ? or * to list all spells.
You feel a surge of power!
Flames lash the minotaur.
The minotaur resists.
The minotaur is moderately wounded.
The minotaur's fire resistance burns away.
The minotaur barely misses you. x2
Casting: Scorch (safe; 1% risk of failure)
Confirm with . or Enter, or press ? or * to list all spells.
You feel a surge of power!
Flames lash the minotaur but do no damage.
The minotaur hits you with a staff of death!!
* * * LOW HITPOINT WARNING * * *
You writhe in agony!
* * * LOW HITPOINT WARNING * * *
The minotaur gores you.
* * * LOW HITPOINT WARNING * * *
Casting: Scorch (safe; 1% risk of failure)
Confirm with . or Enter, or press ? or * to list all spells.
You feel a surge of power!
Flames lash the minotaur.
The minotaur is heavily wounded.
The minotaur barely misses you. The minotaur closely misses you.
Casting: Scorch (safe; 1% risk of failure)
Confirm with . or Enter, or press ? or * to list all spells.
You feel a surge of power!
Flames lash the minotaur.
The minotaur is heavily wounded.
The minotaur hits you with a staff of death!!
You die...

##### ≈≈≈≈≈ ≈∩≈ ..H
###.### #.....#
#######'#######
#..@H.........#
#.###.###.###.#
#.###.###.###.#
#.............#
###.###.###.###
#####.###.###.#####
##≈...............≈##
#≈≈..8©8©8©8©8©8..≈≈#
##≈...............≈##


You could see a minotaur (combustible).

Vanquished Creatures
  Fannar (Lair:2)
  A hydra (Lair:4)
  A two-headed ogre (D:11)
  Pikel (D:6)
  2 cyclopes (D:11)
  Joseph (D:7)
  An ice statue (Gauntlet)
  7 black mambas
  4 cane toads
  Maggie (D:8)
  3 rime drakes
  3 komodo dragons (Lair:1)
  2 trolls
  Prince Ribbit (D:6)
  11 blink frogs
  3 hornets
  3 polar bears
  A merfolk (D:10)
  A dream sheep (Lair:4)
  3 shadows
  3 wyverns
  A wraith (D:9)
  2 vampires (D:11)
  24 yaks
  4 vampire mosquitoes (D:11)
  2 basilisks (Lair:2)
  2 steam dragons
  3 nagas (Lair:4)
  2 swamp worms (Gauntlet)
  7 water moccasins
  5 orc warriors
  An ice beast (D:7)
  6 wolves (Lair:1)
  3 ogres (D:5)
  2 centaurs
  A lemure (D:6)
  A kobold brigand (D:9)
  2 necrophages
  3 scorpions
  18 bullfrogs
  A gnoll sergeant (D:6)
  3 wights
  4 electric eels
  A howler monkey (D:10)
  6 jellies
  4 hounds
  11 orc priests
  Jessica (D:3)
  13 orc wizards
  5 iguanas
  15 adders
  8 gnolls
  A shadow imp (D:7)
  2 ufetubi
  3 worms
  3 dart slugs
  60 orcs
  6 bats
  8 endoplasms
  4 giant cockroaches
  7 goblins
  11 hobgoblins
  11 jackals
  12 kobolds
  3 quokkas
  8 ball pythons
  3 frilled lizards
  4 rats
  A bush (Lair:5)
362 creatures vanquished.

Vanquished Creatures (others)
  An orc wizard (D:9)
  170 foxfires
  43 fungi
  103 plants
317 creatures vanquished.

Grand Total: 679 creatures vanquished

Notes
Turn   | Place    | Note
-------+----------+-------------------------------------------
     0 | D:1      | Strat the Deep Elf Fire Elementalist began the quest for
                  | the Orb.
     0 | D:1      | Reached XP level 1. HP: 10/10 MP: 6/6
   142 | D:1      | Reached XP level 2. HP: 7/15 MP: 1/8
   761 | D:1      | Learned a level 2 spell: Scorch
   961 | D:1      | Reached XP level 3. HP: 19/19 MP: 4/9
  1818 | D:2      | Reached XP level 4. HP: 24/24 MP: 3/10
  2205 | D:3      | Found an iron altar of Okawaru.
  2211 | D:3      | Noticed Jessica
  2254 | D:3      | Killed Jessica
  2255 | D:3      | Reached skill level 5 in Fire Magic
  2522 | D:3      | Learned a level 3 spell: Conjure Flame
  2853 | D:3      | Reached XP level 5. HP: 28/28 MP: 8/11
  3249 | D:3      | Found a faded altar of an unknown god.
  3327 | D:3      | Identified the +3 ring mail of Gluttony {Will- MP-9 Int+8
                  | SInv}
  4353 | D:4      | Noticed a centaur
  4717 | D:4      | Reached XP level 6. HP: 32/32 MP: 1/12
  4870 | D:4      | Learned a level 4 spell: Flame Wave
  5106 | D:5      | Entered Level 5 of the Dungeon
  5106 | D:5      | Noticed a shadow
  5298 | D:5      | Found a staircase to the Ecumenical Temple.
  5354 | D:5      | Killed a shadow
  5355 | D:5      | Reached skill level 1 in Fighting
  5355 | D:5      | Reached XP level 7. HP: 38/38 MP: 8/13
  5356 | Temple   | Entered the Ecumenical Temple
  5590 | Temple   | Became a worshipper of Dithmenos the Shadowed
  5698 | D:5      | Reached skill level 5 in Conjurations
  5806 | D:5      | Found a transporter.
  5809 | D:5      | Noticed sirJeffrey23's ghost (novice DsMo)
  5957 | D:5      | Found a transporter.
  6769 | D:5      | Reached XP level 8. HP: 44/44 MP: 7/15
  7069 | D:6      | Noticed Prince Ribbit
  7080 | D:6      | Killed Prince Ribbit
  7469 | D:5      | Reached skill level 5 in Spellcasting
  7624 | D:6      | Reached skill level 5 in Stealth
  7675 | D:6      | Reached skill level 5 in Dodging
  7676 | D:6      | Reached * piety under Dithmenos
  8288 | D:6      | Reached XP level 9. HP: 50/50 MP: 9/18
  8578 | D:6      | Identified the +4 ring mail "Giwniops" {Stlth+}
  8696 | D:6      | Noticed Pikel
  8707 | D:6      | Killed Pikel
  8995 | D:7      | Noticed a troll
  9012 | D:7      | Killed a troll
  9354 | D:7      | Noticed Joseph
  9578 | D:7      | Killed Joseph
 10002 | D:7      | Reached skill level 5 in Fighting
 10096 | D:7      | Reached XP level 10. HP: 59/59 MP: 13/19
 10283 | D:7      | Reached ** piety under Dithmenos
 10320 | D:8      | Noticed Maggie
 10329 | D:8      | Killed Maggie
 11158 | D:8      | Reached skill level 10 in Stealth
 11747 | D:9      | Reached skill level 10 in Dodging
 12264 | D:9      | Found a staircase to the Orcish Mines.
 12403 | D:9      | Found Dieppor's Fire Supplies.
 12468 | D:9      | Bought Hauraapp's Incunabulum of Ignition for 416 gold
                  | pieces
 12472 | D:9      | Learned a level 3 spell: Ignite Poison
 12478 | D:9      | Learned a level 5 spell: Fireball
 12675 | D:9      | Reached skill level 1 in Armour
 12675 | D:9      | Reached *** piety under Dithmenos
 12995 | D:10     | Entered Level 10 of the Dungeon
 13754 | D:10     | Found Ageujil's Lightly-Used Armoury.
 14021 | D:10     | Reached XP level 11. HP: 64/64 MP: 15/25
 14695 | D:11     | Noticed an oklob plant
 14703 | D:11     | Noticed a two-headed ogre
 14737 | D:11     | Noticed an oklob plant
 14743 | D:11     | Found a staircase to the Lair.
 15167 | D:11     | Killed a two-headed ogre
 15385 | Lair:1   | Entered Level 1 of the Lair of Beasts
 16212 | Lair:1   | Reached **** piety under Dithmenos
 16347 | Lair:1   | Reached skill level 10 in Spellcasting
 16990 | Lair:2   | Reached skill level 5 in Armour
 17097 | Lair:2   | Noticed Fannar
 17132 | Lair:2   | Killed Fannar
 17133 | Lair:2   | Reached XP level 12. HP: 72/73 MP: 3/28
 18666 | Lair:3   | Noticed a six-headed hydra
 18857 | Lair:3   | Noticed a four-headed hydra
 19299 | Lair:4   | Noticed a seven-headed hydra
 19343 | Lair:4   | Killed a seven-headed hydra
 19730 | Lair:4   | Found a staircase to the Snake Pit.
 20215 | Lair:4   | Reached skill level 10 in Fire Magic
 20530 | Lair:4   | Reached skill level 10 in Fighting
 20843 | Lair:5   | Found a gate leading to a gauntlet.
 20865 | Lair:5   | Reached skill level 1 in Invocations
 20866 | Lair:5   | Reached skill level 1 in Short Blades
 20876 | Gauntlet | Entered a Gauntlet
 20876 | Gauntlet | Found a transporter.
 20955 | Gauntlet | Found a runed translucent door.
 20971 | Gauntlet | Found a transporter.
 20972 | Gauntlet | Found a transporter.
 20973 | Gauntlet | Found a transporter.
 20981 | Gauntlet | Found a transporter.
 20984 | Gauntlet | Found a transporter.
 20985 | Gauntlet | Found a transporter.
 21195 | Gauntlet | Learned a level 2 spell: Searing Ray
 21203 | Gauntlet | Reached ***** piety under Dithmenos
 21261 | Gauntlet | Noticed a death scarab
 21262 | Gauntlet | Identified the +6 falchion of Ignis's Approval {holy, Int+4
                  | Dex+6}
 21264 | Gauntlet | Noticed a death scarab
 21288 | Gauntlet | Noticed a minotaur
 21301 | Gauntlet | Found a transporter.
 21592 | Gauntlet | Noticed a ghost crab
 21834 | Gauntlet | Demolished by a minotaur

Illustrated notes

Levels and vault maps discovered:
D:1:      lemuel_arrival_river_bridge, layout_loops_cross,
          minmay_misc_feat_doors
D:2:      layout_rooms, kennysheep_generic_room_16
D:3:      layout_loops_ring, mainiacjoe_overflow_cross_hatched,
          shapermc_ecumenical_altar_mp_ritualfount, minmay_cupped, uniq_jessica
D:4:      layout_loops_ring
D:5:      layout_gridville, minmay_temple_entry_drinking_statues,
          gammafunk_ghost_stat_death
D:6:      layout_gridville, hangedman_decor_peaks_small, uniq_prince_ribbit1,
          uniq_pikel
D:7:      layout_basic, roderic_nine_men_s_morris, uniq_joseph
D:8:      layout_layer_cave, enter_bailey_4, minmay_door_square, uniq_maggie
D:9:      layout_roguey, minmay_orc_entry_temple_small,
          small_statue_intersection, nicolae_shop_fire_sale
          [nicolae_sub_dead_trees]
D:10:     layout_basic, serial_bayou_pond_c, minmay_shop_damaged,
          hangedman_fish_farm
D:11:     layout_loops_ring, dpeg_oklobed_lair
Temple:   mainiacjoe_temple_starburst
Lair:1:   layout_long_grid, minivault_27, wad_woods_road_05,
          serial_bayou_shore_b, infiniplex_staircase_pool
Lair:2:   minmay_lair_venomous_thicket, layout_regular_city,
          nicolae_volcano_entry_s_turn, chequers_serial_rivers_small_3,
          infiniplex_staircase_pool_2, uniq_fannar
Lair:3:   layout_hall_layers, palyth_hydra_swamp_entry
Lair:4:   layout_regular_city, minmay_snake_entry_guardpost_small
Lair:5:   layout_cellular_growth, gauntlet_entry_generic, uniq_sonja
Gauntlet: gammafunk_gauntlet_77_escape_option [minmay_gauntlet_arena_77_path,
          minmay_gauntlet_arena_77_two_paths,
          minmay_gauntlet_arena_77_chump_sandwich,
          minmay_gauntlet_arena_77_double_cross,
          minmay_gauntlet_arena_77_braids, gauntlet_exit_watery]

Skill      XL: |  1  2  3  4  5  6  7  8  9 10 11 12 |
---------------+-------------------------------------+-----
Fire Magic     | 4 5 6 8 10 | 10.0
Conjurations   | 2 3 4 6 8 |  8.0
Fighting       | 1 2 3 5 7 10 | 10.0
Dodging        | 3 5 8 10 | 10.0
Stealth        | 3 6 9 10 | 10.0
Spellcasting   | 5 8 10 | 10.0
Armour         | 2 5 |  5.0
Invocations    | 2 |  2.7
Short Blades   | 2 |  2.4

Action                   |  1- 3 |  4- 6 |  7- 9 | 10-12 || total
-------------------------+-------+-------+-------+-------++-------
Melee: Dagger            |       |    17 |    35 |   184 ||   236
       Punch             |       |     1 |     1 |     4 ||     6
 Cast: Foxfire           |    42 |     4 |    50 |     7 ||   103
       Scorch            |    20 |    66 |   104 |   283 ||   473
       Flame Wave        |       |       |     6 |    34 ||    40
       Fireball          |       |       |       |     8 ||     8
Evoke: Wand              |       |       |     3 |     5 ||     8
  Use: Scroll            |       |    10 |     7 |    15 ||    32
       Potion            |       |       |     1 |    16 ||    17
 Stab: Sleeping          |       |       |     2 |    15 ||    17
Armor: Robe              |     3 |     7 |     8 |       ||    18
       Steam dragon scal |       |       |     2 |       ||     2
       Ring mail         |       |       |    11 |   134 ||   145
Dodge: Dodged            |     1 |    28 |    50 |   306 ||   385
       Repelled          |       |       |       |     2 ||     2
Block: Other             |       |     5 |    20 |   113 ||   138
       Reflection        |       |       |     2 |     4 ||     6

Table legend: (Time is in decaauts)
 A = Elapsed time spent in this place.
 B = Non-inter-level travel time spent in this place.
 C = Inter-level travel time spent in this place.
 D = Time resting spent in this place.
 E = Time spent auto-exploring this place.
 F = Levels seen in this place.
 G = Mean time per level.
                   A        B        C        D        E       F      G
               +--------+--------+--------+--------+--------+-----+--------+
         Total |  21827 |  21046 |    781 |   6540 |   9951 |  18 | 1212.6 |
       Dungeon |  15111 |  14693 |    418 |   4060 |   7707 |  11 | 1373.7 |
        Temple |    286 |    230 |     56 |     35 |    168 |   1 |  286.0 |
          Lair |   5506 |   5199 |    307 |   1812 |   2068 |   5 | 1101.2 |
      Gauntlet |    922 |    922 |      0 |    633 |      7 |   1 |  922.0 |
               +--------+--------+--------+--------+--------+-----+--------+

Top non-repeatable levels by time:
  Lair:1: 2009 daAuts
     D:3: 1878 daAuts
  Lair:2: 1869 daAuts
     D:6: 1748 daAuts
     D:5: 1575 daAuts
  Lair:4: 1497 daAuts
     D:7: 1465 daAuts
     D:9: 1434 daAuts
     D:1: 1245 daAuts
     D:8: 1243 daAuts
    D:11: 1243 daAuts
     D:4: 1197 daAuts
    D:10: 1149 daAuts
     D:2: 928 daAuts
Gauntlet: 922 daAuts
